 Dungeon Crawl Stone Soup version 0.20-a0-1000-g0e8f6bb (webtiles) character file.

37 Krakonus1 the Sneak (level 3, -5/23 HPs)
             Began as an Octopode Transmuter on Apr 13, 2017.
             Slain by a bullfrog (6 damage)
             ... on level 4 of the Dungeon.
             The game lasted 00:01:42 (166 turns).

Krakonus1 the Sneak (Octopode Transmuter)            Turns: 166, Time: 00:01:43

Health: -5/23      AC:  1    Str:  8 (9)  XL:     3   Next: 39%
Magic:  5/6        EV: 13    Int: 13 (15) God:
Gold:   19         SH:  0    Dex: 11 (13) Spells: 5/6 levels left

rFire    . . .     SeeInvis .     - Unarmed
rCold    . . .     Gourm    .   (no shield)
rNeg     . . .     Faith    .   (helmet restricted)
rPois    .         Spirit   .   (no amulet)
rElec    .         Reflect  .   (no ring)
rCorr    .         Harm     .   (no ring)
MR       .....                  (no ring)
Stlth    +++.......             (no ring)
Regen    0.1/turn               (no ring)
MPRegen  0.1/turn               (no ring)
                                (no ring)
                                (no ring)

@: no status effects
A: almost no armour, stealthy swim, amphibious, 8 rings, constrict 8, camouflage
1, gelatinous body 1
a: no special abilities


You were on level 4 of the Dungeon.
You were not hungry.

You visited 1 branch of the dungeon, and saw 4 of its levels.

You collected 19 gold pieces.

Inventory:

Missiles
 a - 12 arrows
Potions
 e - a potion of degeneration
Books
 b - a book of Changes

   Spells                             Type                      Level
   a - Beastly Appendage              Transmutation                1
   b - Sticks to Snakes               Transmutation                2
   c - Spider Form                    Transmutation/Poison         3
   d - Ice Form                       Ice/Transmutation            4
   e - Blade Hands                    Transmutation                5
Comestibles
 c - a bread ration
 d - a chunk of flesh
 f - a royal jelly


   Skills:
 - Level 1.0 Fighting
 - Level 2.0 Dodging
 * Level 4.3 Stealth
 - Level 3.0 Unarmed Combat
 - Level 2.0 Spellcasting
 - Level 2.0 Transmutations


You had 5 spell levels left.
You knew the following spells:

 Your Spells              Type           Power        Failure   Level  Hunger
a - Beastly Appendage     Tmut           #.....       12%         1    ##.....


Dungeon Overview and Level Annotations

Branches:
Dungeon (4/15)
 Temple: D:4-7

Altars:


Innate Abilities, Weirdness & Mutations

You cannot wear most types of armour.
You are very stealthy in the water. (Stealth+)
You are amphibious.
You can wear up to eight rings at the same time.
You can use your tentacles to constrict eight enemies at once.
Your skin changes colour to match your surroundings (Stealth+).
Your rubbery body absorbs attacks. (AC +1, EV +1)


Message History

You are too injured to fight recklessly!
Found a sedimented orange potion, 4 fruits and 2 sedimented blue potions.
The helpless bullfrog fails to defend itself.
You tentacle-slap the bullfrog. Your grab misses the bullfrog.
Your squeeze misses the bullfrog.
The bullfrog is lightly wounded.
The bullfrog hits you. The bullfrog misses you.
You barely miss the bullfrog. Your grab misses the bullfrog.
The bullfrog is lightly wounded.
The bullfrog hits you!
* * * LOW HITPOINT WARNING * * *
You tentacle-slap the bullfrog. Your grab misses the bullfrog.
The bullfrog is lightly wounded.
The bullfrog barely misses you.
You tentacle-slap the bullfrog. You grab the bullfrog.
You squeeze the bullfrog.
The bullfrog is moderately wounded.
You constrict the bullfrog, but do no damage.
The bullfrog hits you.
You die...

#.######.###.......#
...................
#.## ##.#...###.###
#..###..#.### #.#
#######.##..#..# #.#
. ...........#..##
#....
........[..#.##
.(### .............#
#.# #.....F@...###
#............#
#..........#..#
#..........##!..
#..........# #..
......!.%... ..
..##########. .# .#


You could see a bullfrog.

Vanquished Creatures
  A hound (D:4)
  An ooze (D:2)
  A bat (D:2)
  A goblin (D:2)
  A frilled lizard (D:1)
  A rat (D:2)
6 creatures vanquished.

Notes
Turn   | Place    | Note
-------+----------+-------------------------------------------
     0 | D:1      | Krakonus1 the Octopode Transmuter began the quest for the Orb.
     0 | D:1      | Reached XP level 1. HP: 13/13 MP: 3/3
    68 | D:2      | Reached skill level 1 in Stealth
    79 | D:2      | Reached skill level 2 in Stealth
    79 | D:2      | Reached XP level 2. HP: 9/18 MP: 1/5
   134 | D:4      | Reached skill level 4 in Stealth
   134 | D:4      | Reached XP level 3. HP: 9/23 MP: 2/6
   157 | D:4      | Noticed a bullfrog
   164 | D:4      | HP: 1/23 [bullfrog (7)]
   166 | D:4      | Slain by a bullfrog

Vault maps used:
D:1:      roderic_octagonal_star, minmay_misc_feat_pillars
D:2:      lemuel_round_altar, grunt_ministairs_6, fedhas_altar_fruit_tree
D:3:      chequers_ecumenical_altar_simple_redux, first_bread,
          uniq_crazy_yiuf_cottage

Skill      XL: |  1  2 |
---------------+-------+-----
Stealth        | 2 4 |  4.3
Fighting       | |  1.0
Dodging        | |  2.0
Unarmed Combat | |  3.0
Spellcasting   | |  2.0
Transmutations | |  2.0

Action                   || total
-------------------------++-------
Melee: Unarmed           ||    25
       Tentacles         ||     5
       Constrict         ||     4
 Cast: Beastly Appendage ||     7
  Use: Scroll            ||     1
       Potion            ||     1
 Stab: Sleeping          ||     1
Armor: Skin              ||     2
Dodge: Dodged            ||    14
